 Dungeon Crawl Stone Soup version 0.23.2-40-g277498a001 (webtiles) character file.

Game seed: 4199000755845682515

588 pastnights the Cleaver (level 7, -2/85 HPs)
             Began as a Minotaur Berserker on Aug 24, 2019.
             Was a Priest of Trog.
             Slain by an orc warrior
             ... wielding a +0 hand axe
              (16 damage)
             ... on level 5 of the Dungeon.
             The game lasted 00:06:59 (5256 turns).

pastnights the Cleaver (Minotaur Berserker)         Turns: 5256, Time: 00:07:00

Health: -2/85      AC:  6    Str: 25 (26) XL:     7   Next: 15%
Magic:  6/6        EV: 10    Int:  3 (4)  God:    Trog [***...]
Gold:   129        SH:  0    Dex: 10 (12) Spells: 6/6 levels left

rFire    . . .     SeeInvis +   x - +0 war axe
rCold    . . .     Gourm    .   (no shield)
rNeg     . . .     Faith    .   w - +0 scale mail
rPois    .         Spirit   .   (helmet restricted)
rElec    .         Reflect  .   (no cloak)
rCorr    .         Harm     .   (no gloves)
MR       +....                  (no boots)
Stlth    ..........             p - amulet of inaccuracy (curse)
HPRegen  0.24/turn              e - ring of see invisible
MPRegen  0.10/turn              n - ring of protection from magic

@: berserking, slowed
A: retaliatory headbutt, horns 2
a: Berserk, Trog's Hand, Renounce Religion


You were on level 5 of the Dungeon.
You worshipped Trog.
Trog was most pleased with you.
You were near starving.

You visited 1 branch of the dungeon, and saw 5 of its levels.

You collected 129 gold pieces.

Inventory:

Hand Weapons
 x - a +0 war axe (weapon)
Missiles
 h - 7 tomahawks (quivered)
Armour
 w - a +0 scale mail (worn)
Jewellery
 e - a ring of see invisible (left hand)
 k - a +2 amulet of reflection
 l - an uncursed amulet of magic regeneration {unknown}
 n - a ring of protection from magic (right hand)
 p - a cursed amulet of inaccuracy (around neck)
Wands
 u - a wand of acid (2)
 z - a wand of flame (19)
 C - a wand of digging (1)
Scrolls
 d - 4 scrolls of remove curse {unknown}
 f - a scroll of enchant weapon {unknown}
 g - 12 scrolls of identify {unknown}
 m - 2 scrolls of enchant armour {unknown}
 s - a scroll of amnesia {unknown}
 t - a scroll of magic mapping {unknown}
 y - 3 scrolls of teleportation {unknown}
Potions
 a - a potion of haste {unknown}
 b - a potion of lignification {unknown}
 i - 2 potions of curing {unknown}
 j - 2 potions of ambrosia
 o - a potion of agility
 q - a potion of heal wounds
 r - 2 potions of might {unknown}
 v - a potion of mutation {unknown}
 A - a potion of brilliance {unknown}
 B - 3 potions of resistance {unknown}
Comestibles
 c - 11 rations


   Skills:
 - Level 3.6 Fighting
 + Level 9.2 Axes
 - Level 2.4 Armour
 - Level 2.1 Dodging
 + Level 2.5 Stealth


You had 6 spell levels left.
You didn't know any spells.
Your spell library was empty.

Dungeon Overview and Level Annotations

Branches:
Dungeon (5/15)
 Temple: D:4-7

Altars:

Shops:
D:4 :


Innate Abilities, Weirdness & Mutations

You reflexively headbutt those who attack you in melee.
You have a pair of horns on your head.


Message History

You closely miss the orc warrior. Your headbutt misses the orc warrior.
The orc priest calls upon Beogh to heal the orc wizard.
The orc wizard's wounds heal themselves!
You hit the scorpion but do no damage.
You hit the orc warrior but do no damage.
The orc warrior closely misses you. The scorpion stings you!
The orc warrior hits you with a +0 hand axe.
You miss the scorpion. You headbutt the scorpion.
The scorpion is moderately wounded.
You hit the orc warrior but do no damage.
The orc wizard mumbles some strange words.
The orc wizard blinks!
The scorpion misses you.
The orc warrior hits you with a +0 hand axe!
* * * LOW HITPOINT WARNING * * *
The scorpion misses you.
A red film seems to cover your vision as you go berserk!
You feel yourself moving faster!
You feel mighty!
You are near starving!
The orc warrior hits you with a +0 hand axe!
You die...

#.# ###### #.#
#..... ...
#.#######.#
#.#### ....
#.#.......#
#.....
....##.#.#######
##.....
...o.#.#.#
#......
..o....#.#
#......
.......#.#
#...###
.<.....#@#
#...###
.....ooso#
#......
.......###
######. #......
#..... ###.###
#.#### .. #.#...
## #.#... #.#...
#.#...


You could see an orc warrior, a scorpion, an orc priest and an orc wizard.

Vanquished Creatures
  A big kobold (D:4)
  A scorpion (D:4)
  A howler monkey (D:4)
  A crimson imp (D:5)
  3 orc priests (D:5)
  A hound (D:5)
  An iguana (D:5)
  A worker ant (D:4)
  A gnoll (D:2)
  10 adders
  2 shadow imps (D:5)
  An ooze (D:2)
  An adder zombie (D:3)
  3 worms
  4 dart slugs
  A leopard gecko (D:5)
  6 orcs
  2 ball pythons
  4 giant cockroaches
  11 goblins
  7 hobgoblins
  A quokka (D:3)
  7 bats
  7 frilled lizards
  A jackal skeleton (D:4)
  16 kobolds
  2 leopard gecko zombies (D:5)
  8 rats
105 creatures vanquished.

Notes
Turn   | Place    | Note
-------+----------+-------------------------------------------
     0 | D:1      | pastnights the Minotaur Berserker began the quest for the
                  | Orb.
     0 | D:1      | Reached XP level 1. HP: 19/19 MP: 0/0
    67 | D:1      | Reached skill level 4 in Axes
   388 | D:1      | Reached XP level 2. HP: 26/26 MP: 1/1
   842 | D:2      | Reached skill level 5 in Axes
   842 | D:2      | Reached XP level 3. HP: 11/31 MP: 2/2
  1405 | D:2      | Reached ** piety under Trog
  1615 | D:2      | Reached XP level 4. HP: 27/39 MP: 3/3
  2094 | D:2      | Reached skill level 6 in Axes
  2094 | D:2      | Reached skill level 1 in Stealth
  2481 | D:3      | Reached XP level 5. HP: 17/45 MP: 4/4
  3199 | D:4      | Reached skill level 7 in Axes
  4082 | D:4      | Reached *** piety under Trog
  4146 | D:4      | Reached XP level 6. HP: 19/51 MP: 5/5
  4163 | D:4      | Reached skill level 8 in Axes
  4491 | D:4      | Found Xedar's Book Shop.
  4799 | D:5      | Entered Level 5 of the Dungeon
  4970 | D:5      | Reached skill level 9 in Axes
  4970 | D:5      | Reached XP level 7. HP: 57/57 MP: 6/6
  5256 | D:5      | Slain by an orc warrior

Skill      XL: |  1  2  3  4  5  6 |
---------------+-------------------+-----
Axes           | 4 5 6 7 9 |  9.2
Stealth        | 1 2 |  2.5
Fighting       | |  3.6
Armour         | |  2.4
Dodging        | |  2.1

Action                   |  1- 3 |  4- 6 |  7- 9 || total
-------------------------+-------+-------+-------++-------
Melee: Hand axe          |    83 |    90 |       ||   173
       Headbutt          |     8 |    23 |     1 ||    32
       War axe           |       |    74 |    31 ||   105
Invok: Berserk           |     1 |     1 |     1 ||     3
  Use: Potion            |       |     4 |       ||     4
  Eat: Chunk             |     3 |     5 |       ||     8
       Ration            |       |     2 |       ||     2
Armor: Animal skin       |    19 |     3 |       ||    22
       Scale mail        |       |    70 |     9 ||    79
Dodge: Dodged            |    56 |    99 |    23 ||   178
Block: Other             |     1 |       |       ||     1
